 Dungeon Crawl Stone Soup version 0.31-a0-5-g84e6b3452c (webtiles) character file.

Game seed: 17461879747088506311

10220 Essalna the Destroyer (level 11, -4/71 HPs)
             Began as a Tengu Fire Elementalist on May 5, 2023.
             Was a Priest of Vehumet.
             Slain by a yak (14 damage)
             ... on level 1 of the Lair of Beasts.
             The game lasted 00:22:17 (11173 turns).

Essalna the Destroyer (Tengu Fire Elementalist)    Turns: 11173, Time: 00:22:17

Health: -4/71      AC:  7    Str:  8    XL:     11   Next: 58%
Magic:  24/24      EV: 16    Int: 20    God:    Vehumet [***...]
Gold:   520        SH: 11    Dex: 21    Spells: 7/14 levels left

rFire   . . .        t - +3 hand axe (elec)
rCold   . . .        F - +1 kite shield {reflect}
rNeg    . . .        R - +0 steam dragon scales
rPois   .            (helmet restricted)
rElec   .            p - scarf {repulsion}
rCorr   .            O - +0 pair of gloves
SInv    .            (boots unavailable)
Will    .....        z - amulet of magic regeneration
Stlth   +++          g - +6 ring of dexterity
HPRegen 0.31/turn    r - ring of magical power
MPRegen 0.59/turn

%: repel missiles, reflection
@: lethally poisoned (-4 -> -39), about to teleport, flying quickly and
evasively, quick
A: beak, talons 3, nimble flight
a: Renounce Religion


You were on level 1 of the Lair of Beasts.
You worshipped Vehumet.
Vehumet was most pleased with you.
You visited 3 branches of the dungeon, and saw 12 of its levels.
You also visited: Volcano.

You collected 520 gold pieces.

Inventory:

Hand Weapons
 d - a +1 whip of venom
 t - a +3 hand axe of electrocution (weapon)
Armour
 a - a +0 robe
 p - a scarf of repulsion (worn)
 A - a +0 cloak
 F - a +1 kite shield of reflection (worn)
 O - a +0 pair of gloves (worn)
 R - +0 steam dragon scales (worn)
Magical Staves
 H - a staff of air
Jewellery
 g - a +6 ring of dexterity (left hand)
 h - a ring of see invisible
 m - a +6 ring of strength
 r - a ring of magical power (right hand)
 x - a ring of wizardry
 z - an amulet of magic regeneration (around neck)
 P - an amulet of the acrobat
Wands
 E - a wand of flame (29)
 J - a wand of roots (29)
 Q - a wand of mindburst (4)
Scrolls
 c - a scroll of enchant armour
 k - 2 scrolls of teleportation
 v - a scroll of enchant weapon
 w - a scroll of magic mapping
 y - a scroll of summoning
 C - a scroll of amnesia
 D - 5 scrolls of poison
Potions
 b - 2 potions of magic
 e - 7 potions of curing {unknown}
 i - 2 potions of brilliance {unknown}
 j - 8 potions of mutation {unknown}
 l - a potion of might {unknown}
 n - 3 potions of berserk rage {unknown}
 o - 3 potions of haste {unknown}
 q - a potion of cancellation
 s - a potion of degeneration
 u - a potion of lignification {unknown}
 B - 2 potions of flight
 K - a potion of attraction
 N - a potion of resistance


   Skills:
 + Level 9.1 Fighting
 + Level 5.2 Armour
 + Level 5.7 Dodging
 - Level 3.0 Stealth
 + Level 4.3 Shields
 - Level 2.0 Spellcasting
 + Level 11.9 Conjurations
 + Level 10.5 Fire Magic


You had 7 spell levels left.
You knew the following spells:

 Your Spells              Type           Power      Damage    Failure   Level
a - Foxfire               Conj/Fire      100%       2x1d9     1%          1
b - Scorch                Fire           88%        2d8       1%          2
c - Flame Wave            Conj/Fire      47%        2d12      2%          4

Your spell library contained the following spells:

 Spells                   Type           Power      Damage    Failure   Level
 Fulminant Prism          Conj/Hex       12%        3d8       19%         4
 Shock                    Conj/Air       100%       1d9       2%          1
 Inner Flame              Hex/Fire       23%        N/A       8%          3
 Volatile Blastmotes      Fire/Tloc      46%        2d13      8%          3
 Apportation              Tloc           4%         N/A       63%         1
 Necrotise                Necr           8%         1d4       63%         1
 Summon Small Mammal      Summ           8%         N/A       63%         1
 Cigotuvi's Dreadful Rot  Necr/Pois/Air  4%         N/A       77%         2
 Ensorcelled Hibernation  Hex/Ice        4%         N/A       77%         2
 Airstrike                Air            1%         2d(1-17)  87%         4
 Spider Form              Tmut/Pois      2%         N/A       94%         3
 Swiftness                Air            2%         N/A       94%         3
 Yara's Violent Unravell  Hex/Tmut       1%         3d3       99%         5
 Anguish                  Hex/Necr       1%         N/A       100%        4
 Dispel Undead            Necr           2%         3d7       100%        4
 Death Channel            Necr           1%         N/A       100%        6
 Enfeeble                 Hex            1%         N/A       100%        7


Dungeon Overview and Level Annotations

Branches:
Dungeon (9/15)             Temple (1/1) D:4            Lair (2/5) D:9
Volcano (visited)
  Swamp: Lair:2-3    Shoals: Lair:2-3     Snake: Lair:2-3    Spider: Lair:2-3
    Orc: D:9-12

Altars:
Ashenzari
Dithmenos
Gozag
Hepliaklqana
Kikubaaqudgha
Makhleb
Qazlal
Ru
Uskayaw
Vehumet
Wu Jian
Xom
Yredelemnul
The Shining One

Shops:
D:7 (

Annotations:
D:9 3 runed translucent doors, Conn's ghost, novice OpFE
Lair:1 Amaemon


Innate Abilities, Weirdness & Mutations

You have a beak for a mouth.
You have claws for feet.
Your magical nature lets you fly swiftly and evasively.


Message History

The orange demon closely misses you. Amaemon misses you.
Amaemon claws you but does no damage. You block Amaemon's attack.
You hear an angry hiss.
There is a stone staircase leading up here.
You block the yak's attack. The yak closely misses you.
Amaemon hits you with a +0 demon whip of venom!
You are poisoned.
You block Amaemon's attack. Amaemon tail-slaps you.
The orange demon stings you from afar!
You are more poisoned.
The orange demon poisons you!
You fly upwards.
You feel extremely sick.
There is a stone staircase leading down here.
As you read the scroll of teleportation, it crumbles to dust.
You feel strangely unstable.
You feel extremely sick.
Amaemon hits you with a +0 demon whip of venom!
* * * LOW HITPOINT WARNING * * *
You are more poisoned.
You block Amaemon's attack. x2; The yak gores you!
* * * LOW HITPOINT WARNING * * *
You block the yak's attack.
You feel much better.
* * * LOW HITPOINT WARNING * * *
You feel extremely sick.
Amaemon mumbles some strange words.
The yak barely misses you. You block the yak's attack.
You feel much better.
* * * LOW HITPOINT WARNING * * *
You feel extremely sick.
Amaemon hits you with a +0 demon whip of venom.
* * * LOW HITPOINT WARNING * * *
You are more poisoned.
You block Amaemon's attack. x2; You block the yak's attack.
The yak barely misses you. The scorpion closely misses you.
* * * LOW HITPOINT WARNING * * *
You feel extremely sick. The yak gores you!
You die...

#.##..###...##PPP#.##P....##.....
.......##.................##....#
#......#....#..............#....#
#......##...#........#....##.....
#...........#.............##....#
#......##...#.s......#..........#
####.P###...#.6#######....#..#.##
#.##.####......YY............####
...............s@................
.................................
.................................
.................................
.................................
#######.##.......................
.........#.#..........#...PP#...#
............#...##......#........
.............#......#...P........


You could see Amaemon, 2 yaks and 2 scorpions.

Vanquished Creatures
  3 two-headed ogres
  2 black mambas (Lair:1)
  5 cane toads
  A rime drake (D:9)
  4 komodo dragons
  A polar bear (D:9)
  2 wyverns (D:9)
  3 steam dragons
  An acid dragon (D:9)
  A water moccasin (D:7)
  Duvessa (D:7)
  4 ice beasts
  A hornet zombie (D:6)
  4 black bears
  6 wolves
  3 centaurs
  3 ogres
  A phantom (D:4)
  A kobold brigand (D:8)
  7 bullfrogs
  A gnoll sergeant (D:8)
  A necrophage (D:6)
  2 scorpions
  6 wights
  Dowan (D:7)
  4 killer bees (D:7)
  2 howler monkeys
  A lava snake (D:9)
  A centaur zombie (D:6)
  A bullfrog zombie (D:6)
  A human zombie (D:6)
  5 hounds
  2 jellies
  4 orc priests
  2 sleepcaps
  3 iguanas
  2 orc wizards
  A killer bee zombie (D:6)
  A howler monkey zombie (D:6)
  3 mummies (D:6)
  6 gnolls
  7 adders
  A shadow imp (D:7)
  3 white imps
  An ufetubus (D:4)
  2 dart slugs
  19 orcs
  8 ball pythons
  4 endoplasms
  4 giant cockroaches
  4 hobgoblins
  4 jackals (D:4)
  7 kobolds
  3 quokkas
  3 bats
  3 frilled lizards
  7 goblins
  4 rats
188 creatures vanquished.

Vanquished Creatures (collateral kills)
  20 foxfires (Lair:1)
20 creatures vanquished.

Vanquished Creatures (others)
  754 foxfires
  2 fungi
  A plant (Lair:2)
757 creatures vanquished.

Grand Total: 965 creatures vanquished

Notes
Turn   | Place    | Note
-------+----------+-------------------------------------------
     0 | D:1      | Essalna the Tengu Fire Elementalist began the quest for the
                  | Orb.
     0 | D:1      | Reached XP level 1. HP: 10/10 MP: 4/4
   308 | D:1      | Reached XP level 2. HP: 16/16 MP: 1/6
   414 | D:1      | Reached skill level 2 in Conjurations
   619 | D:1      | Reached skill level 1 in Fighting
   962 | D:1      | Found a faded altar of an unknown god.
  1427 | D:2      | Reached XP level 3. HP: 13/20 MP: 4/7
  2298 | D:3      | Found a stormy altar of Qazlal.
  2380 | D:3      | Reached skill level 3 in Conjurations
  2386 | D:3      | Reached XP level 4. HP: 19/26 MP: 0/8
  3068 | D:4      | Noticed a phantom
  3078 | D:4      | Killed a phantom
  3079 | D:4      | Reached skill level 4 in Conjurations
  3079 | D:4      | Gained mutation: Your magical nature lets you fly swiftly
                  | and evasively. [Tengu growth]
  3079 | D:4      | Reached XP level 5. HP: 13/31 MP: 2/9
  3169 | D:4      | Found a sacrificial altar of Ru.
  3338 | D:4      | Reached XP level 6. HP: 37/37 MP: 0/10
  3447 | D:4      | Reached skill level 5 in Fire Magic
  3561 | D:4      | Found a staircase to the Ecumenical Temple.
  3573 | Temple   | Entered the Ecumenical Temple
  3580 | Temple   | Became a worshipper of Vehumet
  3717 | D:4      | Found a hazy altar of Hepliaklqana.
  3988 | D:4      | Reached skill level 5 in Conjurations
  4070 | D:5      | Entered Level 5 of the Dungeon
  4318 | D:5      | Reached XP level 7. HP: 42/42 MP: 6/11
  4401 | D:5      | Found a shimmering altar of Xom.
  4764 | D:5      | Reached skill level 6 in Conjurations
  4943 | D:5      | Learned a level 2 spell: Scorch
  4948 | D:5      | Learned a level 4 spell: Flame Wave
  5097 | D:5      | Reached XP level 8. HP: 48/48 MP: 7/12
  5153 | D:5      | Reached skill level 5 in Fighting
  5153 | D:5      | Reached skill level 7 in Conjurations
  5197 | D:5      | Reached * piety under Vehumet
  5197 | D:5      | Offered knowledge of Sandblast by Vehumet.
  5400 | D:5      | Found an ornate altar of the Wu Jian Council.
  5953 | D:6      | Reached skill level 8 in Conjurations
  6165 | D:6      | Reached XP level 9. HP: 29/56 MP: 13/13
  6638 | D:6      | Reached skill level 9 in Conjurations
  6690 | D:6      | Found a basalt altar of Yredelemnul.
  6950 | D:7      | Reached ** piety under Vehumet
  6950 | D:7      | Offered knowledge of Poisonous Vapours by Vehumet.
  6960 | D:7      | Noticed Duvessa
  6962 | D:7      | Noticed Dowan
  6964 | D:7      | Killed Duvessa
  6972 | D:7      | Killed Dowan
  7006 | D:7      | Reached skill level 10 in Conjurations
  7331 | D:7      | Found Kucauf's Weapon Emporium.
  7568 | D:7      | Found a glowing golden altar of the Shining One.
  7579 | D:7      | Found a shadowy altar of Dithmenos.
  7630 | D:8      | Noticed a two-headed ogre
  7631 | D:8      | Reached skill level 1 in Armour
  7638 | D:8      | Killed a two-headed ogre
  7639 | D:8      | Reached XP level 10. HP: 24/64 MP: 4/14
  8491 | D:9      | Reached skill level 1 in Shields
  8499 | D:9      | Offered knowledge of Ignite Poison by Vehumet.
  8647 | D:9      | Found a staircase to the Lair.
  8675 | D:9      | Found a broken altar of Ashenzari.
  8711 | D:9      | Noticed a two-headed ogre
  8721 | D:9      | Killed a two-headed ogre
  8722 | D:9      | Reached skill level 11 in Conjurations
  8722 | D:9      | Reached *** piety under Vehumet
  9235 | D:9      | Noticed Conn's ghost (novice OpFE)
  9236 | D:9      | Found a runed translucent gate.
  9237 | D:9      | Found a runed translucent gate.
  9237 | D:9      | Found an opulent altar of Gozag.
  9238 | D:9      | Found a runed translucent gate.
  9239 | D:9      | Noticed a centaur warrior
  9389 | D:9      | Noticed a two-headed ogre
  9396 | D:9      | Killed a two-headed ogre
  9397 | D:9      | Reached skill level 10 in Fire Magic
  9397 | D:9      | Reached XP level 11. HP: 69/69 MP: 15/15
  9718 | Lair:1   | Entered Level 1 of the Lair of Beasts
  9731 | Lair:1   | Reached skill level 5 in Dodging
  9766 | Lair:1   | Found a dark tunnel.
  9774 | Volcano  | Entered a volcano
 10248 | Lair:1   | Reached skill level 5 in Armour
 10839 | Lair:2   | Offered knowledge of Fulminant Prism by Vehumet.
 11167 | Lair:2   | Noticed Amaemon
 11173 | Lair:1   | Slain by a yak

Illustrated notes

Levels and vault maps discovered:
D:1:      psy_arrival_terrarium, layout_basic,
          shapermc_ecumenical_altar_notcrosses, minmay_misc_feat_tower
D:2:      layout_loops_ring, minmay_3d_cube
D:3:      layout_basic, mainiacjoe_overflow_chevrons, serial_corexii_hall,
          corexii_hall_statues_s, chequers_hall_statues_y
D:4:      layout_rooms, nicolae_ru_sacrificial_ziggurat, lemuel_tele_altar,
          minmay_temple_entry_waves
D:5:      layout_loops_ring, mainiacjoe_overflow_six_doors_small,
          pdpol_wu_jian_five_deadly_venoms
D:6:      layout_loops_ring, lemuel_mausoleum_altar_yredelemnul
D:7:      layout_rooms, amethyst_overflow_temple_binary, serial_shops,
          nicolae_shop_bloodbath_and_beyond, uniq_duvessa
D:8:      nicolae_BIG_FREAKIN_CUBE, layout_loops_ring
D:9:      layout_basic, kennysheep_mini_moat, hellmonk_lair_entry_icy,
          ebering_ghost_gozag, kennysheep_dice
Temple:   nicolae_temple_ecumenical_triangle
Lair:1:   layout_regular_city, nicolae_volcano_entry_hallway, minivault_26
Lair:2:   layout_regular_city, minmay_snake_entry_spellcaster,
          beast_lair_carwin_8, grunt_megastairs_3, uniq_amaemon

Skill      XL: |  1  2  3  4  5  6  7  8  9 10 11 |
---------------+----------------------------------+-----
Conjurations   | 2 3 4 5 6 8 10 11 | 11.9
Fighting       | 1 2 3 4 6 7 8 9 |  9.1
Fire Magic     | 4 5 6 7 9 10 | 10.5
Armour         | 2 4 5 |  5.2
Dodging        | 3 4 5 |  5.7
Stealth        | 3 |  3.0
Shields        | 3 4 |  4.3
Spellcasting   | |  2.0

Action                     |  1- 3 |  4- 6 |  7- 9 | 10-12 || total
---------------------------+-------+-------+-------+-------++-------
  Melee: Unarmed           |    32 |    15 |       |       ||    47
         Kick              |    15 |     8 |     7 |     6 ||    36
         Peck              |     6 |     3 |     7 |     2 ||    18
         Hand axe          |       |     6 |    31 |    15 ||    52
         Punch             |       |     1 |       |       ||     1
   Cast: Foxfire           |    81 |   116 |   125 |   139 ||   461
         Scorch            |       |       |    86 |    58 ||   144
         Flame Wave        |       |       |     2 |     6 ||     8
    Use: Scroll            |       |     1 |     5 |    17 ||    23
         Potion            |       |       |       |     3 ||     3
   Stab: Sleeping          |     3 |     1 |       |     1 ||     5
 Armour: Robe              |    10 |     6 |     8 |     2 ||    26
         Steam dragon scal |       |       |       |     2 ||     2
  Dodge: Dodged            |    27 |    25 |    64 |    59 ||   175
         Repelled          |       |     1 |     1 |     3 ||     5
  Block: Kite shield       |       |       |     5 |    42 ||    47
         Reflection        |       |       |       |     4 ||     4

Table legend: (Time is in decaauts)
 A = Elapsed time spent in this place.
 B = Non-inter-level travel time spent in this place.
 C = Inter-level travel time spent in this place.
 D = Time resting spent in this place.
 E = Time spent auto-exploring this place.
 F = Levels seen in this place.
 G = Mean time per level.
                   A        B        C        D        E       F      G
               +--------+--------+--------+--------+--------+-----+--------+
         Total |  10752 |  10353 |    399 |    384 |   8406 |  13 |  827.1 |
       Dungeon |   9357 |   9060 |    297 |    235 |   7514 |   9 | 1039.7 |
        Temple |     11 |      8 |      3 |      0 |      0 |   1 |   11.0 |
          Lair |   1321 |   1223 |     98 |    149 |    892 |   2 |  660.5 |
       Volcano |     62 |     62 |      0 |      0 |      0 |   1 |   62.0 |
               +--------+--------+--------+--------+--------+-----+--------+

Top non-repeatable levels by time:
     D:5: 1334 daAuts
     D:6: 1293 daAuts
  Lair:1: 1268 daAuts
     D:9: 1240 daAuts
     D:1: 1124 daAuts
     D:2: 1033 daAuts
     D:4: 1006 daAuts
     D:3: 882 daAuts
     D:8: 727 daAuts
     D:7: 713 daAuts
 Volcano: 62 daAuts
  Lair:2: 52 daAuts
  Temple: 11 daAuts
